 Dungeon Crawl Stone Soup version 0.24.0-123-gd5b16e6ec5 (webtiles) character file.

Game seed: 2677854053760621248, levelgen mode: deterministic

2281 McKennaii the Thaumaturge (level 9, 0/66 (67) HPs)
             Began as a White Draconian Conjurer on Jan 19, 2020.
             Was a Follower of Sif Muna.
             Slain by Harold
             ... wielding a +0 war axe
              (18 damage)
             ... on level 7 of the Dungeon.
             The game lasted 00:16:39 (7957 turns).

McKennaii the Thaumaturge (DrCj)                    Turns: 7957, Time: 00:16:40

HP:   0/66 (67)     AC:  8    Str: 14    XL:     9   Next: 16%
MP:   13/30         EV: 12    Int: 19    God:    Sif Muna [*.....]
Gold: 313           SH:  0    Dex:  7    Spells: 20/25 levels left

rFire    + . .     SeeInvis .   n - +11 war axe of Currency {drain, rC++ Str+4 Dex-5}
rCold    + + +     Gourm    .   (no shield)
rNeg     . . .     Faith    .   (armour unavailable)
rPois    .         Spirit   .   (helmet restricted)
rElec    .         Reflect  .   z - +0 cloak
rCorr    .         Harm     .   (no gloves)
MR       .....                  (no boots)
Stlth    ++........             (no amulet)
HPRegen  0.21/turn              d - ring of protection from fire
MPRegen  0.22/turn              g - ring of magical power

@: short of breath
A: breathe frost, unfitting armour, cold resistance 1, cold-blooded, AC +7
a: Breathe Frost, Channel Magic, Renounce Religion


You were on level 7 of the Dungeon.
You worshipped Sif Muna.
Sif Muna was aware of your devotion.
You were very hungry.

You visited 2 branches of the dungeon, and saw 8 of its levels.

You collected 313 gold pieces.

Inventory:

Hand Weapons
 n - the +11 war axe of Currency (weapon) {drain, rC++ Str+4 Dex-5}
   (You found it on level 4 of the Dungeon)

   A truly terrible weapon, it drains the life of those it strikes.
   It affects your strength (+4).
   It affects your dexterity (-5).
   It greatly protects you from cold.
 p - the cursed +0 mace "Fofe" {venom, MR+ Int+3 Dex+2 Stlth+}
   (You found it on level 4 of the Dungeon)

   It poisons the flesh of those it strikes.
   It affects your intelligence (+3).
   It affects your dexterity (+2).
   It affects your resistance to hostile enchantments.
   It makes you more stealthy.
   It has a curse placed upon it.
Armour
 z - a +0 cloak (worn)
Jewellery
 d - a ring of protection from fire (left hand)
 g - a ring of magical power (right hand)
 q - an uncursed ring of ice
 A - an uncursed ring of magical power
Wands
 t - a wand of polymorph (8)
 x - a wand of digging (6)
 y - a wand of iceblast (2)
Scrolls
 a - 3 scrolls of identify
 h - a scroll of enchant armour
 i - 3 scrolls of remove curse
 l - 4 scrolls of teleportation
 o - a scroll of enchant weapon {unknown}
 r - a scroll of magic mapping {unknown}
 s - a scroll of noise {unknown}
 v - a scroll of amnesia
Potions
 c - a potion of haste
 e - a potion of lignification {unknown}
 f - a potion of mutation {unknown}
 j - a potion of ambrosia {unknown}
 k - 3 potions of flight {unknown}
 m - 4 potions of heal wounds {unknown}
 u - 2 potions of might {unknown}
 w - 4 potions of curing
Comestibles
 b - 9 rations


   Skills:
 + Level 2.3 Fighting
 + Level 3.6 Dodging
 + Level 3.1 Stealth
 * Level 8.6 Spellcasting
 + Level 7.5 Conjurations


You had 20 spell levels left.
You knew the following spells:

 Your Spells              Type           Power        Failure   Level  Hunger
a - Magic Dart            Conj           ####         1%          1    None
c - Iskenderun's Mystic   Conj           #####...     3%          4    ###....

Your spell library contained the following spells:

 Spells                   Type           Power        Failure   Level  Hunger
 Searing Ray              Conj           #####.       1%          2    None
 Dazzling Spray           Conj/Hex       ###...       5%          3    None
 Force Lance              Conj/Tloc      ###.....     19%         4    ###....
 Fulminant Prism          Conj/Hex       ###.......   19%         4    ###....


Dungeon Overview and Level Annotations

Branches:
Dungeon (7/15)             Temple (1/1) D:4

Altars:
Ashenzari
Dithmenos
Elyvilon
Fedhas
Gozag
Hepliaklqana
Kikubaaqudgha
Makhleb
Nemelex Xobeh
Okawaru
Qazlal
Ru
Sif Muna
Trog
Wu Jian
Xom
Zin
The Shining One

Annotations:
D:7 Harold


Innate Abilities, Weirdness & Mutations

You can breathe waves of freezing cold.
You can buffet flying creatures when you breathe cold.
Your icy white scales are hard. (AC +7)
You cannot fit into any form of body armour.
Your flesh is cold resistant. (rC+)
You are cold-blooded and may be slowed by cold attacks.


Message History

You struggle against the net.
Harold hits you with a +0 war axe.
You struggle against the net.
Harold hits you with a +0 war axe!
You struggle against the net.
Harold thinks, and says "Perhaps I'll take up hiking after I'm done here..."
Harold hits you with a +0 war axe!
You rip the net and break free!
Harold hits you but does no damage.
You slash Harold! You tail-slap Harold, but do no damage.
Harold is heavily wounded.
Harold hits you with a +0 war axe!
You hit Harold but do no damage.
Harold is heavily wounded.
Harold barely misses you.
You barely miss Harold.
Harold is heavily wounded.
Harold hits you with a +0 war axe!
* * * LOW HITPOINT WARNING * * *
You barely miss Harold.
Harold is heavily wounded.
Harold hits you with a +0 war axe!!
You die...

#.# #.#
#.# #..
#.#
##.#####.#
#.@.....#
#.@# #..#
#..# #..#
#<.# #..#
#..# #..#
#...


You could see Harold.

Vanquished Creatures
  Grinder (D:3)
  Duvessa (D:5)
  A phantom (D:6)
  4 ogres
  A centaur (D:6)
  A necrophage (D:6)
  2 bullfrogs
  Dowan (D:5)
  2 centaur zombies (D:5)
  3 crimson imps
  3 hounds
  A bullfrog zombie (D:6)
  A jelly (D:5)
  5 orc priests
  4 orc wizards (D:6)
  A centaur skeleton (D:4)
  5 iguanas
  Ijyb (D:5)
  6 worker ants
  A hound skeleton (D:3)
  5 gnolls
  13 adders
  A howler monkey skeleton (D:6)
  2 shadow imps
  An adder zombie (D:5)
  An adder skeleton (D:5)
  2 worms
  3 leopard geckos
  18 orcs
  2 giant cockroaches
  15 hobgoblins
  11 jackals
  11 kobolds
  A quokka (D:4)
  7 bats
  3 frilled lizards
  7 goblins
  A quokka zombie (D:6)
  2 rats
151 creatures vanquished.

Notes
Turn   | Place    | Note
-------+----------+-------------------------------------------
     0 | D:1      | McKennaii the Draconian Conjurer began the quest for the
                  | Orb.
     0 | D:1      | Reached XP level 1. HP: 14/14 MP: 3/3
   257 | D:1      | Reached XP level 2. HP: 4/20 MP: 0/5
   273 | D:1      | HP: 1/20 [goblin/+0 dagger (4)]
  1292 | D:1      | Reached XP level 3. HP: 26/26 MP: 2/6
  1973 | D:2      | Found a sacrificial altar of Ru.
  2000 | D:2      | Reached skill level 5 in Conjurations
  2119 | D:2      | Reached XP level 4. HP: 33/33 MP: 3/7
  2600 | D:2      | Found a bloodstained altar of Trog.
  2855 | D:3      | Reached skill level 3 in Spellcasting
  3227 | D:3      | Reached XP level 5. HP: 38/38 MP: 10/10
  3502 | D:3      | Noticed Grinder
  3974 | D:4      | Found a staircase to the Ecumenical Temple.
  3987 | D:4      | Reached skill level 4 in Spellcasting
  4011 | D:4      | Got an ancient war axe
  4019 | D:4      | Identified the +11 war axe of Currency {drain, rC++ Str+4
                  | Dex-5} (You found it on level 4 of the Dungeon)
  4024 | Temple   | Entered the Ecumenical Temple
  4145 | D:4      | Found an iron altar of Okawaru.
  4159 | D:4      | Got a polished mace
  4160 | D:4      | Identified the cursed +0 mace "Fofe" {venom, MR+ Int+3
                  | Dex+2 Stlth+} (You found it on level 4 of the Dungeon)
  4476 | D:4      | Learned a level 4 spell: Iskenderun's Mystic Blast
  4482 | D:4      | Reached XP level 6. HP: 43/45 MP: 10/12
  4488 | D:4      | Found a white marble altar of Elyvilon.
  4722 | D:4      | Reached skill level 5 in Spellcasting
  5189 | D:4      | Got an ancient whip
  5190 | D:4      | Identified the +3 whip "Tobadig" {speed, *Contam rN+ Dex+6}
                  | (You found it on level 4 of the Dungeon)
  5203 | D:4      | Found a shimmering blue altar of Sif Muna.
  5344 | D:4      | Became a worshipper of Sif Muna the Loreminder
  5351 | D:5      | Entered Level 5 of the Dungeon
  5360 | D:5      | Your scales start taking on an icy white colour.
  5360 | D:5      | Reached XP level 7. HP: 50/50 MP: 14/14
  5360 | D:5      | Gained mutation: Your flesh is cold resistant. (rC+) [White
                  | Draconian growth]
  5461 | D:3      | Paralysed by Grinder for 4 turns
  5467 | D:3      | Killed Grinder
  5486 | D:3      | Found a glowing golden altar of the Shining One.
  5627 | D:5      | Noticed Dowan
  5628 | D:5      | Noticed Duvessa
  5744 | D:5      | Reached skill level 6 in Spellcasting
  6091 | D:5      | Killed Duvessa
  6091 | D:5      | Reached skill level 1 in Fighting
  6091 | D:5      | Reached XP level 8. HP: 59/59 MP: 13/17
  6105 | D:5      | Killed Dowan
  6454 | D:5      | Noticed Ijyb
  6465 | D:5      | Killed Ijyb
  6465 | D:5      | Reached skill level 7 in Spellcasting
  7120 | D:6      | Reached * piety under Sif Muna
  7243 | D:6      | Reached skill level 8 in Spellcasting
  7481 | D:6      | Reached XP level 9. HP: 66/66 MP: 21/21
  7945 | D:7      | Noticed Harold
  7957 | D:7      | Slain by Harold

Levels and vault maps discovered:
D:1:      dpeg_arrival_pits, layout_loops_ring, minmay_misc_feat_columns
D:2:      layout_rooms, lightli_temple_of_fire, nicolae_overflow_crystal_walls,
          first_ration, minmay_tall_x
D:3:      layout_loops_ring, marbit_many_paths, uniq_grinder
D:4:      layout_loops_ring, elyvilon_altar_3, kennysheep_mini,
          okawaru_ov_weapons_minmay, minmay_temple_entry_stoned_glass
D:5:      layout_rooms, uniq_duvessa, uniq_ijyb
D:6:      layout_loops_ring, corexii_leaking_fountain
D:7:      layout_loops_ring, uniq_harold
Temple:   nicolae_temple_hex_pool

Skill      XL: |  1  2  3  4  5  6  7  8 |
---------------+-------------------------+-----
Stealth        | 2 3 |  3.1
Conjurations   | 5 6 7 |  7.5
Dodging        | 2 3 |  3.6
Spellcasting   | 3 4 5 6 8 |  8.6
Fighting       | 1 2 |  2.3

Action                   |  1- 3 |  4- 6 |  7- 9 || total
-------------------------+-------+-------+-------++-------
Melee: Unarmed           |    70 |     2 |       ||    72
       Tailslap          |     7 |       |     5 ||    12
       War axe           |       |     7 |    92 ||    99
 Cast: Magic Dart        |    79 |   156 |    75 ||   310
       Iskenderun's Myst |       |     6 |    56 ||    62
 Abil: Breathe Frost     |       |       |     4 ||     4
  Use: Scroll            |     5 |     5 |       ||    10
       Potion            |       |       |     2 ||     2
  Eat: Chunk             |     4 |    10 |    10 ||    24
       Ration            |       |     1 |     1 ||     2
Armor: Skin              |    17 |    15 |    35 ||    67
Dodge: Dodged            |    52 |    37 |    62 ||   151
